 Dungeon Crawl Stone Soup version 0.25-a0-317-g5f8687bca5 (webtiles) character file.

Game seed: 15594552555948216124, levelgen mode: deterministic

455 D1HalberdGnoll the Covert (level 6, -5/37 HPs)
             Began as a Vampire Assassin on Dec 26, 2019.
             Slain by Menkaure (19 damage)
             ... on level 4 of the Dungeon.
             The game lasted 00:04:26 (2642 turns).

D1HalberdGnoll the Covert (Vampire Assassin)        Turns: 2642, Time: 00:04:27

Health: -5/37      AC:  7    Str: 11    XL:     6   Next: 76%
Magic:  6/6        EV: 10    Int: 14    God:
Gold:   205        SH:  0    Dex: 16    Spells: 5/5 levels left

rFire    . . .     SeeInvis +   f - +1 dagger (venom)
rCold    + + .     Gourm    .   (no shield)
rNeg     + + +     Faith    .   n - +0 ring mail
rPois    ∞         Spirit   .   (no helmet)
rElec    .         Reflect  .   c - +0 cloak
rCorr    .         Harm     .   m - +0 pair of gloves
MR       .....                  (no boots)
Stlth    ++++++....             (no amulet)
HPRegen  0.00/turn              (no ring)
MPRegen  0.10/turn              (no ring)

@: flying, bloodless
A: no food, fangs 3, see invisible, unbreathing
a: Bat Form, Revivify


You were on level 4 of the Dungeon.
You were bloodless.

You visited 1 branch of the dungeon, and saw 4 of its levels.
You also visited: Sewer.

You collected 205 gold pieces.

Inventory:

Hand Weapons
 f - a +1 dagger of venom (weapon)
Missiles
 d - 22 poisoned darts (quivered)
 e - 6 curare-tipped darts
 g - 5 atropa-tipped darts
Armour
 c - a +0 cloak (worn)
 m - a +0 pair of gloves (worn)
 n - a +0 ring mail (worn)
Jewellery
 q - an uncursed ring of see invisible {unknown}
 r - a cursed -2 ring of intelligence {unknown}
Scrolls
 b - 9 scrolls of identify {unknown}
 h - 2 scrolls of enchant armour {unknown}
 i - 6 scrolls of remove curse {unknown}
 j - 2 scrolls of teleportation {unknown}
 k - 4 scrolls of fog {unknown}
 p - a scroll of noise {unknown}
 u - a scroll of magic mapping {unknown}
Potions
 a - 4 potions of curing
 l - a potion of might {unknown}
 o - 2 potions of heal wounds
 s - a potion of brilliance
 t - a potion of flight


   Skills:
 + Level 3.6 Fighting
 + Level 4.3 Short Blades
 - Level 1.5 Throwing
 - Level 1.1 Dodging
 * Level 9.8 Stealth


You had 5 spell levels left.
You didn't know any spells.
Your spell library was empty.

Dungeon Overview and Level Annotations

Branches:
Dungeon (4/15)              Sewer (visited)
 Temple: D:4-7

Altars:
Cheibriados
Fedhas
Ru

Annotations:
D:4 Menkaure


Innate Abilities, Weirdness & Mutations

You do not eat.
You do not regenerate when monsters are visible.
You are frail without blood (-20% HP).
You can heal yourself when you bite living creatures.
You are immune to poison.
You have razor-sharp teeth.
You have supernaturally acute eyesight. (SInv)
You can survive without breathing.


Message History

You hit Menkaure but do no damage. You bite Menkaure.
Menkaure is moderately damaged.
You hit Menkaure but do no damage. Your bite misses Menkaure.
Menkaure is moderately damaged.
Menkaure mumbles, "From dust you came, to dust you will return."
Menkaure hits you!
* * * LOW HITPOINT WARNING * * *
You are too injured to fight recklessly!
You are too injured to fight recklessly!
Okay, then.
You aren't carrying any items that you can evoke.
Unknown command.
Okay, then.
It was a potion of heal wounds.
You feel much better. Menkaure hits you!
You aren't carrying any items that you can evoke.
It was a potion of flight.
You feel very buoyant.
You fly up into the air.
Menkaure hits you!!
Ouch! That really hurt!
You die...

....... ...#.
...M.# .....
#####.....#
.....
#.........##
.#...
##.......?...
#... #.......#
#... #.......#
#... #...#####
..... ##..M@..#
..... #......#
.##.. #......#
#.. #......# ...
#......#######
...
#.............
#.#
##.............#
##.#
#....##........#
...#
#....##........#
...


You could see Menkaure.

Vanquished Creatures
  A big kobold (Sewer)
  3 scorpions (D:4)
  Natasha (D:2)
  A worker ant (D:4)
  3 gnolls (D:2)
  5 adders
  2 river rats (Sewer)
  A worm (D:4)
  3 dart slugs
  3 leopard geckos
  8 orcs
  A ball python (D:4)
  3 giant cockroaches
  6 goblins
  6 hobgoblins
  8 jackals
  9 bats
  4 frilled lizards
  12 kobolds
  6 rats
86 creatures vanquished.

Vanquished Creatures (others)
  An orc (D:3)
  A fungus (D:2)
2 creatures vanquished.

Grand Total: 88 creatures vanquished

Notes
Turn   | Place    | Note
-------+----------+-------------------------------------------
     0 | D:1      | D1HalberdGnoll the Vampire Assassin began the quest for the
                  | Orb.
     0 | D:1      | Reached XP level 1. HP: 16/16 MP: 1/1
   153 | D:1      | Reached skill level 6 in Stealth
   204 | D:1      | Reached XP level 2. HP: 20/22 MP: 2/2
   470 | D:1      | Reached XP level 3. HP: 24/27 MP: 3/3
   991 | D:2      | Reached skill level 7 in Stealth
  1049 | D:2      | Reached XP level 4. HP: 34/34 MP: 4/4
  1256 | D:2      | Found a blossoming altar of Fedhas.
  1476 | D:3      | Noticed Natasha
  1487 | D:2      | Killed Natasha
  1581 | D:2      | Reached skill level 8 in Stealth
  1597 | D:3      | Reached XP level 5. HP: 40/40 MP: 5/5
  2091 | D:4      | Found a snail-covered altar of Cheibriados.
  2143 | D:4      | Found a glowing drain.
  2162 | D:4      | Reached skill level 9 in Stealth
  2162 | D:4      | Reached XP level 6. HP: 46/47 MP: 6/6
  2166 | Sewer    | Entered a sewer
  2369 | Sewer    | Found a glowing silver altar of Zin.
  2517 | D:4      | Found a sacrificial altar of Ru.
  2619 | D:4      | Noticed Menkaure
  2642 | D:4      | Slain by Menkaure

Levels and vault maps discovered:
D:1:      dpeg_arrival_tiny_a, layout_basic, serial_bayou_lagoon_a
D:2:      layout_rooms, fedhas_altar_3, first_ration
D:3:      layout_rooms, uniq_natasha
D:4:      layout_basic, nicolae_ru_the_path_less_chosen, serial_shops,
          shop_fountains, cheibrodos_sewer_entry_sluice, cheibriados_altar_1,
          uniq_menkaure

Skill      XL: |  1  2  3  4  5 |
---------------+----------------+-----
Stealth        | 6 7 8 9 |  9.8
Fighting       | 2 3 |  3.6
Short Blades   | 3 4 |  4.3
Throwing       | |  1.5
Dodging        | |  1.1

Action                   |  1- 3 |  4- 6 || total
-------------------------+-------+-------++-------
Melee: Dagger            |   112 |   189 ||   301
       Bite              |     6 |    18 ||    24
 Abil: Exsanguinate      |       |     1 ||     1
  Use: Potion            |     2 |     3 ||     5
 Stab: Sleeping          |     5 |     6 ||    11
       Distracted        |     1 |       ||     1
Armor: Leather armour    |    27 |       ||    27
       Ring mail         |       |    74 ||    74
Dodge: Dodged            |    57 |    93 ||   150

Table legend:
 A = Non-vault XP
 B = Vault XP
 C = Vault XP percentage of total XP
 D = Non-vault monster count
 E = Vault monster count
 F = Vault count percentage of total count
                 A         B        C        D         E       F
            +---------+---------+-------+---------+---------+-------
      Total |     472 |     178 |  27.4 |      73 |      13 |  15.1
            +---------+---------+-------+---------+---------+-------
        D:1 |      54 |       0 |   0.0 |      29 |       0 |   0.0
        D:2 |      85 |      35 |  29.2 |      21 |       1 |   4.5
        D:3 |      54 |       0 |   0.0 |      10 |       0 |   0.0
        D:4 |     279 |       9 |   3.1 |      13 |       4 |  23.5
      Sewer |       0 |     134 | 100.0 |       0 |       8 | 100.0
            +---------+---------+-------+---------+---------+-------
